 Dungeon Crawl Stone Soup version 0.20-a0-539-g174d061 (webtiles) character file.

166 M4edhros the Slasher (level 5, -1/47 HPs)
             Began as a Minotaur Fighter on Jan 29, 2017.
             Slain by a worker ant (3 damage)
             ... on level 4 of the Dungeon.
             The game lasted 00:02:30 (792 turns).

M4edhros the Slasher (Minotaur Fighter)              Turns: 792, Time: 00:02:30

Health: -1/47      AC:  8    Str: 20    XL:     5   Next: 22%
Magic:  4/4        EV:  7    Int:  8    God:
Gold:   81         SH:  9    Dex: 11    Spells: 4/4 levels left

rFire    + . .     SeeInvis .   a - +1 long sword
rCold    + . .     Gourm    .   b - +0 scale mail
rNeg     . . .     Faith    .   c - +0 shield
rPois    +         Spirit   .   (helmet restricted)
rElec    +         Reflect  .   (no cloak)
rCorr    +         Harm     .   (no gloves)
MR       .....     Clarity  +   g - +0 pair of boots
Stlth    ..........             (no amulet)
Regen    0.2/turn               (no ring)
                                (no ring)

@: brilliant, lethally poisoned (-1 -> -2), resistant, flying (expiring)
A: retaliatory headbutt, horns 2, clarity, dopey 1, MP-powered wands
a: no special abilities


You were on level 4 of the Dungeon.
You were not hungry.

You visited 1 branch of the dungeon, and saw 4 of its levels.

You collected 81 gold pieces.

Inventory:

Hand Weapons
 a - a +1 long sword (weapon)
Armour
 b - a +0 scale mail (worn)
 c - a +0 shield (worn)
 g - a +0 pair of boots (worn)
Jewellery
 j - an uncursed ring of positive energy
Potions
 i - a potion of cancellation
 m - a potion of resistance
Comestibles
 d - 6 chunks of flesh
 f - a bread ration


   Skills:
 + Level 4.4 Fighting
 * Level 4.7 Long Blades
 + Level 4.6 Armour
 + Level 4.3 Shields


You had 4 spell levels left.
You didn't know any spells.

Dungeon Overview and Level Annotations

Branches:
Dungeon (4/15)
 Temple: D:4-7

Altars:

Portals:
Ossuary: D:4

Annotations:
D:3 Ijyb, Robin


Innate Abilities, Weirdness & Mutations

You reflexively headbutt those who attack you in melee.
You have a pair of horns on your head.
You possess an exceptional clarity of mind.
You are dopey. (Int -2)
You expend magic power (3 MP) to strengthen your wands.


Message History

The worker ant twitches its antennae in your direction.
Found 4 fruits.
You aren't carrying any items that you can evoke.
It was a potion of brilliance.
You feel clever all of a sudden.
You aren't carrying any items that you can evoke.
Sorry, you're not good enough to have a special ability.
As you read the scroll labeled YCYRCHAUGOD, it crumbles to dust.
It is a scroll of identify.
j - an uncursed ring of positive energy You feel sick.
You hit the worker ant. Your headbutt misses the worker ant.
The worker ant is moderately wounded.
You are starting to lose your buoyancy.
The worker ant bites you.
* * * LOW HITPOINT WARNING * * *
You closely miss the worker ant. You headbutt the worker ant.
The worker ant is heavily wounded.
The worker ant bites you.
You die...

#.....≈≈≈≈≈≈≈≈
#.....≈≈≈≈≈≈≈≈
#......≈≈≈≈≈≈≈
....P..≈≈≈≈≈P #### ####
.....P.≈≈≈≈P ...# #...#
#..PP.P♣≈≈≈
...#####...###.a.....%≈%
................@..P..P.
###.................#...
...................#
.....###...........#
#.....###...........#
#...................#
#...................#
#...................#
....................#


You could see a worker ant.

Vanquished Creatures
  An ogre (D:4)
  A worker ant (D:4)
  3 adders
  A worm (D:3)
  2 giant cockroaches
  7 goblins
  2 hobgoblins
  7 jackals (D:1)
  A kobold (D:1)
  A ball python (D:3)
  2 bats
  A frilled lizard (D:1)
  A rat (D:1)
30 creatures vanquished.

Notes
Turn   | Place    | Note
-------+----------+-------------------------------------------
     0 | D:1      | M4edhros the Minotaur Fighter began the quest for the Orb.
     0 | D:1      | Reached XP level 1. HP: 19/19 MP: 0/0
   175 | D:1      | Reached XP level 2. HP: 27/27 MP: 1/1
   397 | D:3      | Noticed Ijyb
   415 | D:3      | Reached XP level 3. HP: 31/33 MP: 2/2
   434 | D:3      | Noticed Robin
   577 | D:4      | Found a sand-covered staircase.
   679 | D:4      | Noticed an ogre
   685 | D:4      | Killed an ogre
   685 | D:4      | Reached XP level 4. HP: 4/41 MP: 3/3
   768 | D:4      | Gained mutation: You expend magic power (3 MP) to strengthen your wands. [potion of mutation]
   768 | D:4      | Gained mutation: You possess an exceptional clarity of mind. [potion of mutation]
   768 | D:4      | Gained mutation: You are dopey. (Int -2) [potion of mutation]
   772 | D:4      | Reached XP level 5. HP: 12/47 MP: 4/4
   791 | D:4      | HP: 2/47 [worker ant (3)]
   792 | D:4      | Slain by a worker ant

Vault maps used:
D:1:      lemuel_arrival_behind_the_door_small, serial_bayou_pond_e
D:2:      lightli_temple_of_fire, hex_tiny
D:3:      lemuel_doored_altar, fedhas_altar_2, nrook_loot_triangle,
          kennysheep_generic_room_7, uniq_iyjb, uniq_robin
D:4:      nicolae_ossuary_entry_monument, guppyfry_early_lair_pool

Skill      XL: |  1  2  3 |
---------------+----------+-----
Long Blades    | 3 4 |  4.7
Armour         | 4 |  4.6
Fighting       | 4 |  4.4
Shields        | 4 |  4.3

Action                   |  1- 3 |  4- 6 || total
-------------------------+-------+-------++-------
Melee: Long sword        |    60 |    16 ||    76
       Headbutt          |     6 |     4 ||    10
  Use: Scroll            |     3 |     1 ||     4
       Potion            |     1 |     6 ||     7
Armor: Scale mail        |    33 |    10 ||    43
Dodge: Dodged            |    19 |     3 ||    22
Block: Shield            |    44 |     6 ||    50
       Rpst.: Long sword |     5 |     1 ||     6
